 Dungeon Crawl Stone Soup version 0.22.1-5-g62c59d919a (webtiles) character file.

77 Riddle the Sneak (level 4, -11/18 HPs)
             Began as a Felid Enchanter on Jan 14, 2019.
             Killed by divine providence
             ... invoked by an orc priest
              (12 damage)
             ... on level 3 of the Dungeon.
             The game lasted 00:09:00 (3652 turns).

Riddle the Sneak (Felid Enchanter)                  Turns: 3652, Time: 00:09:01

Health: -11/18     AC:  1    Str:  4    XL:     4   Next: 13%
Magic:  0/8        EV: 18    Int: 16    God:
Gold:   51         SH:  0    Dex: 17    Spells: 4/7 levels left
                                        Lives:  0   Deaths: 1

rFire    . . .     SeeInvis +     - Unarmed
rCold    . . .     Gourm    .   (shield unavailable)
rNeg     . . .     Faith    .   (armour unavailable)
rPois    .         Spirit   .   (helmet unavailable)
rElec    .         Reflect  .   (cloak unavailable)
rCorr    .         Harm     .   (gloves unavailable)
MR       .....                  (boots unavailable)
Stlth    ++++......             (no amulet)
HPRegen  0.06/turn              h - ring of see invisible
MPRegen  0.11/turn              (no ring)

@: quick
A: very small, no armour, no weapons or thrown items, stealth, claws 1, fangs 3,
see invisible, carnivore, speed 1, shaggy fur 1, slow metabolism 1, sharp paws
a: no special abilities


You were on level 3 of the Dungeon.
You were completely stuffed.

You visited 1 branch of the dungeon, and saw 3 of its levels.

You collected 51 gold pieces.

Inventory:

Jewellery
 h - a ring of see invisible (left paw)
Scrolls
 a - a scroll of amnesia {unknown}
 c - 6 scrolls of identify {unknown}
 d - a scroll of blinking {unknown}
 e - 2 scrolls of enchant weapon {unknown}
 f - 2 scrolls of remove curse {unknown}
 n - a scroll of fog {unknown}
 o - a scroll of immolation {unknown}
Potions
 g - a potion of mutation {unknown}
 i - a potion of haste {unknown}
 j - 2 potions of brilliance {unknown}
 l - a potion of magic {unknown}
 m - a potion of lignification {unknown}
Comestibles
 b - 8 rations
 k - 2 chunks of flesh


   Skills:
 - Level 3.0 Dodging
 + Level 7.6 Stealth
 - Level 1.0 Unarmed Combat
 - Level 2.0 Spellcasting
 - Level 5.0 Hexes


You had 4 spell levels left.
You knew the following spells:

 Your Spells              Type           Power        Failure   Level  Hunger
a - Corona                Hex            ###....      2%          1    #......
b - Ensorcelled Hibernat  Hex/Ice        #.....       11%         2    ###....

Your spell library contained the following spells:

 Spells                   Type           Power        Failure   Level  Hunger
 Confuse                  Hex            ###.....     8%          3    ###....
 Tukima's Dance           Hex            ###.....     8%          3    ###....
 Dazzling Spray           Conj/Hex       #.....       22%         3    ###....


Dungeon Overview and Level Annotations

Branches:
Dungeon (3/15)

Altars:
Cheibriados
Kikubaaqudgha
Ru
Xom


Innate Abilities, Weirdness & Mutations

You cannot wear armour.
You are incapable of wielding weapons or throwing items.
Your paws allow you to move quietly. (Stealth)
You have sharp claws.
You have razor-sharp teeth.
You have supernaturally acute eyesight. (SInv)
You are carnivorous and can eat meat at any time.
You cover ground quickly.
You are covered in fur. (AC +1)
You have a slow metabolism.
Your sharp claws are effective at attacking unaware monsters.


Message History

* * * LOW HITPOINT WARNING * * *
Casting: Ensorcelled Hibernation (safe; 11% risk of failure)
Confirm with . or Enter, or press ? or * to list all spells.
Aiming: Ensorcelled Hibernation (safe; 11% risk of failure)
Press: ? - help, Shift-Dir - straight line, f - orc priest
Aim: an orc priest, wielding a dagger and wearing a leather armour (chance to The orc priest resists with some effort.
Casting: Ensorcelled Hibernation (safe; 11% risk of failure)
Confirm with . or Enter, or press ? or * to list all spells.
Aiming: Ensorcelled Hibernation (safe; 11% risk of failure)
Press: ? - help, Shift-Dir - straight line, f/p - orc priest
Aim: an orc priest, wielding a dagger and wearing a leather armour (chance to The orc priest resists with some effort.
The orc priest calls down the wrath of Beogh upon you.
You struggle to resist.
Your magical contamination has completely faded away.
The orc priest invokes the aid of Beogh against you.
Beogh smites you!
Ouch! That really hurt!
You die...

#..##.####.#########............
#..##.# #)###### #############
#..##.# #)oo.o.# # #.....#
#.####o# #..#######.# #.#
#....†.....# #.# ##.#########
#.# #.# #.# #.## #@# #..#######
#.# ##.#......#####.#
#.###...>.._.##.#### ###
##.#.####.#........# #.... #..##
##.#####.##.#### #.###
###..####...# #.(.....# #.##.
............# #.......# #.###
.#######....# #.......#### #.# #


You could see 2 orc priests.

Vanquished Creatures
  Terence (D:3)
  5 adders
  An ooze (D:2)
  A dart slug (D:3)
  2 orcs (D:3)
  10 bats
  5 giant cockroaches
  8 hobgoblins
  3 jackals (D:1)
  2 ball pythons (D:3)
  5 frilled lizards
  6 goblins
  8 kobolds
  9 rats
  A plant (D:2)
67 creatures vanquished.

Notes
Turn   | Place    | Note
-------+----------+-------------------------------------------
     0 | D:1      | Riddle the Felid Enchanter began the quest for the Orb.
     0 | D:1      | Reached XP level 1. HP: 7/7 MP: 4/4
   488 | D:1      | Reached XP level 2. HP: 6/11 MP: 4/6
   655 | D:1      | Learned a level 2 spell: Ensorcelled Hibernation
   957 | D:1      | Reached skill level 5 in Hexes
  1120 | D:1      | Reached skill level 5 in Stealth
  1366 | D:1      | Reached XP level 3. HP: 13/14 MP: 7/7
  2094 | D:2      | Reached skill level 6 in Stealth
  2167 | D:2      | Found an ancient bone altar of Kikubaaqudgha.
  2168 | D:2      | Found a sacrificial altar of Ru.
  2257 | D:2      | Reached XP level 4. HP: 18/18 MP: 8/8
  3116 | D:3      | Found a shimmering altar of Xom.
  3218 | D:3      | Noticed Terence
  3223 | D:3      | Found a snail-covered altar of Cheibriados.
  3227 | D:3      | Killed Terence
  3227 | D:3      | Reached skill level 7 in Stealth
  3382 | D:3      | Killed from afar by an orc priest
  3383 | D:3      | Reached XP level 3. HP: -4/14 MP: 2/7
  3455 | D:3      | Reached XP level 4. HP: 18/18 MP: 3/8
  3652 | D:3      | Killed from afar by an orc priest

Skill      XL: |  1  2  3  4 |
---------------+-------------+-----
Dodging        | 3 |  3.0
Hexes          | 5 |  5.0
Stealth        | 5 6 7 |  7.6
Unarmed Combat | |  1.0
Spellcasting   | |  2.0

Action                   |  1- 3 |  4- 6 || total
-------------------------+-------+-------++-------
Melee: Unarmed           |   104 |   167 ||   271
       Bite              |     9 |    22 ||    31
       Punch             |       |     1 ||     1
 Cast: Corona            |    16 |       ||    16
       Ensorcelled Hiber |    23 |    15 ||    38
 Stab: Sleeping          |    19 |    15 ||    34
  Eat: Chunk             |    17 |     4 ||    21
Armor: Skin              |    11 |     4 ||    15
Dodge: Dodged            |    98 |    51 ||   149
